 Dungeon Crawl Stone Soup version 0.25-a0-464-g3004169 (webtiles) character file.

Game seed: 4347402143604340347, levelgen mode: deterministic

175 15 the Firebug (level 5, -3/28 HPs)
             Began as a Tengu Fire Elementalist on Feb 3, 2020.
             Was an Initiate of Vehumet.
             Slain by Natasha (6 damage)
             ... on level 3 of the Dungeon.
             The game lasted 00:10:23 (2722 turns).

15 the Firebug (Tengu Fire Elementalist)            Turns: 2722, Time: 00:10:24

Health: -3/28      AC:  2    Str:  9    XL:     5   Next: 55%
Magic:  6/9        EV: 16    Int: 21    God:    Vehumet [......]
Gold:   175        SH:  0    Dex: 14    Spells: 1/9 levels left

rFire    . . .     SeeInvis .   q - +0 short sword (drain)
rCold    . . .     Gourm    .   (no shield)
rNeg     . . .     Faith    .   a - +0 robe
rPois    .         Spirit   .   (helmet restricted)
rElec    .         Reflect  .   (no cloak)
rCorr    .         Harm     .   (no gloves)
MR       .....                  (boots unavailable)
Stlth    ++........             (no amulet)
HPRegen  0.09/turn              (no ring)
MPRegen  0.11/turn              (no ring)

@: brilliant, flying quickly and evasively, quick
A: beak, talons 3, able to fly
a: Stop Flying, Renounce Religion


You were on level 3 of the Dungeon.
You worshipped Vehumet.
Vehumet was noncommittal.
You were not hungry.

You visited 1 branch of the dungeon, and saw 3 of its levels.

You collected 175 gold pieces.

Inventory:

Hand Weapons
 p - a +0 flail
 q - a +0 short sword of draining (weapon)
Armour
 a - a +0 robe (worn)
Wands
 r - a wand of digging (6)
 s - a wand of flame (14)
Scrolls
 b - a scroll of enchant weapon {unknown}
 d - a scroll of noise {unknown}
 e - a scroll of enchant armour {unknown}
 g - a scroll of fog {unknown}
 h - 2 scrolls of remove curse
 i - 3 scrolls of identify {unknown}
 l - 2 scrolls of teleportation {unknown}
 m - a scroll of fear {unknown}
 o - a scroll of blinking {unknown}
Potions
 j - a potion of haste
 k - 2 potions of brilliance
Comestibles
 c - 5 rations
 n - 3 chunks of flesh


   Skills:
 + Level 0.1 Fighting
 + Level 0.6 Short Blades
 * Level 2.5 Armour
 * Level 3.0 Dodging
 + Level 2.4 Stealth
 + Level 2.6 Spellcasting
 * Level 3.1 Conjurations
 + Level 4.0 Fire Magic


You had one spell level left.
You knew the following spells:

 Your Spells              Type           Power        Failure   Level  Hunger
a - Foxfire               Conj/Fire      ####         1%          1    None
b - Conjure Flame         Conj/Fire      ####....     1%          3    ###....
c - Sticky Flame          Conj/Fire      ####....     4%          4    ####...

Your spell library contained the following spells:

 Spells                   Type           Power        Failure   Level  Hunger
 Inner Flame              Hex/Fire       ###.....     2%          3    ###....
 Fireball                 Conj/Fire      ####......   10%         5    ######.


Dungeon Overview and Level Annotations

Branches:
Dungeon (3/15)

Altars:
Fedhas
Kikubaaqudgha
Okawaru
Qazlal
Ru
Vehumet

Annotations:
D:3 Natasha


Innate Abilities, Weirdness & Mutations

You have a beak for a mouth.
You have claws for feet.
You can fly continuously.


Message History

You miss Natasha.
Natasha is moderately wounded.
Natasha claws you. The white imp gestures at you. The puff of frost hits you.
You closely miss Natasha.
Natasha is moderately wounded.
Natasha claws you.
The white imp hits you but does no damage.
You miss Natasha. You claw Natasha, but do no damage.
Natasha is moderately wounded.
Natasha barely misses you. The white imp gestures at you.
The puff of frost hits you!
* * * LOW HITPOINT WARNING * * *
It was a potion of cancellation.
You feel magically purged. Natasha misses you.
It was a potion of brilliance.
You feel clever all of a sudden. Natasha claws you.
You die...

>.........#.#.#P§P§.###
........#.#>#.###.###
#.............# #.#
#.......#...### #.#
)...........# #.#
#.......##..# #÷###
#...........# #...#
#..<.....#.## ###.#v#
####[###.# # #.@.#§v. .
#.# .# #h#####.# # #.#
# #5..# .# . ..# ###.#
# . ..# ... . ...# .##
## .# #


You could see Natasha and a white imp.

Vanquished Creatures
  An orc priest (D:3)
  An orc wizard (D:2)
  5 adders
  3 worms
  A dart slug (D:3)
  4 leopard geckos (D:3)
  5 orcs
  2 bats
  2 goblins
  11 hobgoblins
  4 jackals (D:3)
  7 kobolds
  A quokka (D:2)
  3 ball pythons
  A frilled lizard (D:1)
  5 rats
56 creatures vanquished.

Vanquished Creatures (others)
  131 foxfires
131 creatures vanquished.

Grand Total: 187 creatures vanquished

Notes
Turn   | Place    | Note
-------+----------+-------------------------------------------
     0 | D:1      | 15 the Tengu Fire Elementalist began the quest for the Orb.
     0 | D:1      | Reached XP level 1. HP: 10/10 MP: 4/4
     3 | D:1      | Noticed a minotaur
     3 | D:1      | Noticed a vine stalker
     5 | D:1      | Noticed a centaur
     6 | D:1      | Noticed a gargoyle
     7 | D:1      | Noticed an octopode
     8 | D:1      | Noticed a felid
    10 | D:1      | Noticed a spriggan
    12 | D:1      | Noticed a vine stalker
    17 | D:1      | Noticed a felid
    20 | D:1      | Noticed an ogre
    22 | D:1      | Noticed a minotaur
    24 | D:1      | Noticed a spriggan
   179 | D:1      | Reached XP level 2. HP: 14/15 MP: 0/6
   547 | D:1      | You fall into a shaft and drop 1 floor!
   865 | D:2      | Found an ancient bone altar of Kikubaaqudgha.
   867 | D:2      | Found a blossoming altar of Fedhas.
   935 | D:2      | Reached skill level 1 in Armour
  1049 | D:2      | Reached XP level 3. HP: 16/19 MP: 2/7
  1061 | D:2      | Learned a level 3 spell: Conjure Flame
  1603 | D:2      | Reached XP level 4. HP: 23/24 MP: 1/8
  2118 | D:3      | Learned a level 4 spell: Sticky Flame
  2154 | D:3      | Gained mutation: You can fly continuously. [Tengu growth]
  2154 | D:3      | Reached XP level 5. HP: 13/28 MP: 2/9
  2290 | D:3      | Found a sacrificial altar of Ru.
  2401 | D:3      | Reached skill level 4 in Fire Magic
  2686 | D:3      | Found a stormy altar of Qazlal.
  2686 | D:3      | Found an iron altar of Okawaru.
  2686 | D:3      | Found a radiant altar of Vehumet.
  2694 | D:3      | Became a worshipper of Vehumet
  2713 | D:3      | Noticed Natasha
  2722 | D:3      | Slain by Natasha

Levels and vault maps discovered:
D:1:      shiori_arrival_whats_in_store_for_you, layout_basic
D:2:      layout_loops_corners, grunt_temple_overflow_growth_and_decay,
          minivault_27
D:3:      layout_loops_ring, gammafunk_temple_overflow_forgotten,
          nicolae_ru_awakened_eye, uniq_natasha

Skill      XL: |  1  2  3  4  5 |
---------------+----------------+-----
Armour         | 1 2 |  2.5
Conjurations   | 2 3 |  3.1
Dodging        | 3 |  3.0
Fire Magic     | 4 |  4.0
Fighting       | |  0.1
Short Blades   | |  0.6
Stealth        | |  2.4
Spellcasting   | |  2.6

Action                   |  1- 3 |  4- 6 || total
-------------------------+-------+-------++-------
Melee: Unarmed           |     3 |       ||     3
       Peck              |     2 |     5 ||     7
       Short sword       |    40 |    37 ||    77
       Kick              |     4 |     8 ||    12
 Cast: Foxfire           |    52 |    53 ||   105
 Abil: Fly               |       |     1 ||     1
Evoke: Wand              |       |     2 ||     2
  Use: Scroll            |     1 |       ||     1
       Potion            |     2 |     3 ||     5
 Stab: Sleeping          |     2 |     4 ||     6
  Eat: Chunk             |     3 |     4 ||     7
Armor: Robe              |     5 |     3 ||     8
       Skin              |    19 |       ||    19
Dodge: Dodged            |    25 |    15 ||    40

Table legend:
 A = Non-vault XP
 B = Vault XP
 C = Vault XP percentage of total XP
 D = Non-vault monster count
 E = Vault monster count
 F = Vault count percentage of total count
                 A         B        C        D         E       F
            +---------+---------+-------+---------+---------+-------
      Total |     250 |       0 |   0.0 |      56 |       0 |   0.0
            +---------+---------+-------+---------+---------+-------
        D:1 |      16 |       0 |   0.0 |      11 |       0 |   0.0
        D:2 |     124 |       0 |   0.0 |      20 |       0 |   0.0
        D:3 |     110 |       0 |   0.0 |      25 |       0 |   0.0
            +---------+---------+-------+---------+---------+-------
